 Dungeon Crawl Stone Soup version 0.27-a0-1202-ge72e49191c (webtiles) character file.

Game seed: 11527873244498416855

397 hilljack the Slasher (level 6, -2/55 HPs)
             Began as a Minotaur Fighter on June 3, 2021.
             Was a Priest of Cheibriados.
             Slain by a mummy (12 damage)
             ... in an ossuary.
             The game lasted 00:05:58 (3082 turns).

hilljack the Slasher (Minotaur Fighter)             Turns: 3082, Time: 00:05:59

Health: -2/55      AC:  9    Str: 26 (28) XL:     6   Next: 53%
Magic:  6/6        EV:  9    Int: 11 (12) God:    Cheibriados [***...]
Gold:   40         SH: 11    Dex: 18      Spells: 5/5 levels left

rFire    . . .     SeeInvis .   g - +2 dagger (elec)
rCold    . . .     Faith    .   c - +0 kite shield
rNeg     + . .     Spirit   .   b - +0 scale mail
rPois    +         Reflect  .   (helmet restricted)
rElec    .         Harm     .   n - +1 cloak
rCorr    .         Rampage  .   (no gloves)
Will     .....                  (no boots)
Stlth    ..........             (no amulet)
HPRegen  0.18/turn              j - ring of poison resistance
MPRegen  0.10/turn              o - ring of positive energy

@: very slow
A: horns 2, retaliatory headbutt
a: Renounce Religion, Bend Time, Temporal Distortion


You were in an ossuary.
You worshipped Cheibriados.
Cheibriados was most pleased with you.
You visited 1 branch of the dungeon, and saw 4 of its levels.
You also visited: Ossuary.

You collected 40 gold pieces.

Inventory:

Hand Weapons
 a - a +0 long sword
 g - a +2 dagger of electrocution (weapon)
Missiles
 h - 8 poisoned darts (quivered)
 p - 2 curare-tipped darts
Armour
 b - a +0 scale mail (worn)
 c - a +0 kite shield (worn)
 n - a +1 cloak (worn)
Jewellery
 j - a ring of poison resistance (left hand)
 o - a ring of positive energy (right hand)
 s - a ring of magical power
Scrolls
 f - a scroll of amnesia
 k - 2 scrolls of vulnerability
 l - 2 scrolls of teleportation
 v - a scroll of blinking
Potions
 d - 2 potions of might


   Skills:
 + Level 4.8 Fighting
 * Level 5.1 Long Blades
 + Level 4.7 Armour
 + Level 2.6 Dodging
 + Level 4.8 Shields
 + Level 1.5 Invocations


You had 5 spell levels left.
You didn't know any spells.
Your spell library was empty.

Dungeon Overview and Level Annotations

Branches:
Dungeon (4/15)            Ossuary (1/1)
 Temple: D:4-7

Altars:
Cheibriados

Shops:
D:2 ?


Innate Abilities, Weirdness & Mutations

You have a pair of horns on your head.
You reflexively headbutt those who attack you in melee.


Message History

You destroy the goblin zombie!
Cheibriados appreciates the change of pace.
The elf zombie barely misses you. You furiously retaliate!
You headbutt the elf zombie!
The elf zombie hits you but does no damage.
You block the rat zombie's attack.
You hit the elf zombie. You headbutt the elf zombie!!
The elf zombie is heavily damaged.
You block the gnoll zombie's attack. The elf zombie hits you.
* * * LOW HITPOINT WARNING * * *
You block the elf zombie's attack.
The elf zombie hits you but does no damage.
Blink to where?
Press: ? - help, Dir - move target
As you read the scroll of blinking, it crumbles to dust.
A mummy comes into view.
Found a gate leading back out of this place.
A mummy comes into view.
The elf zombie hits you but does no damage.
You block the elf zombie's attack. You block the rat zombie's attack.
The rat zombie bites you but does no damage.
You block the elf zombie's attack.
The rat zombie bites you but does no damage.
The elf zombie hits you.
* * * LOW HITPOINT WARNING * * *
The elf zombie barely misses you.
A mummy comes into view.
The elf zombie hits you.
* * * LOW HITPOINT WARNING * * *
You feel a little less mighty now.
The elf zombie hits you but does no damage.
You block the gnoll zombie's attack.
Found a gate leading back out of this place.
The elf zombie barely misses you.
A mummy comes into view.
Found 2 potions of flight.
Found 2 potions of curing.
The mummy hits you!
You die...

..................
.......................#
#...............# .....#
#...Z...........##.....#
.......................#
......Z..M.............#
.....M#####.Z.......####
.........Z.Z.Z.M....#!!#
........∩Z.M..Z.@...+
#####################


You could see 3 mummies, a rat zombie, a gnoll zombie and 4 elf zombies.

Vanquished Creatures
  An ogre (D:4)
  A water moccasin skeleton (D:4)
  Natasha (thrice) (D:3)
  2 orc wizards (D:4)
  2 hound zombies (Ossuary)
  4 gnolls (D:2)
  2 dart slugs
  2 orcs (D:4)
  8 endoplasms
  3 giant cockroaches
  15 goblins
  11 hobgoblins
  6 jackals
  2 quokkas
  4 ball pythons
  3 bats (D:2)
  4 frilled lizards
  2 goblin zombies
  9 kobolds
  A kobold zombie (Ossuary)
  An orc zombie (Ossuary)
  4 rats
  A rat zombie (Ossuary)
91 creatures vanquished.

Notes
Turn   | Place    | Note
-------+----------+-------------------------------------------
     0 | D:1      | hilljack the Minotaur Fighter began the quest for the Orb.
     0 | D:1      | Reached XP level 1. HP: 19/19 MP: 0/0
   195 | D:1      | Reached XP level 2. HP: 27/27 MP: 1/1
   678 | D:1      | Reached skill level 3 in Long Blades
   812 | D:1      | Reached skill level 1 in Dodging
   850 | D:1      | Reached XP level 3. HP: 23/33 MP: 2/2
  1205 | D:2      | Reached XP level 4. HP: 18/40 MP: 3/3
  1534 | D:2      | Found a faded altar of an unknown god.
  1564 | D:2      | Became a worshipper of Cheibriados the Contemplative
  1564 | D:2      | Reached * piety under Cheibriados
  1745 | D:2      | Reached ** piety under Cheibriados
  1751 | D:2      | Reached skill level 4 in Long Blades
  1783 | D:2      | Found Qulosuh's Magic Scroll Shoppe.
  1959 | D:3      | Noticed Natasha
  1959 | D:3      | Killed Natasha
  1960 | D:3      | Reached XP level 5. HP: 47/47 MP: 4/4
  2246 | D:3      | Noticed Natasha
  2251 | D:3      | Killed Natasha
  2428 | D:3      | Noticed Natasha
  2433 | D:3      | Killed Natasha
  2948 | D:4      | Noticed an ogre
  2954 | D:4      | Killed an ogre
  2955 | D:4      | Reached skill level 1 in Invocations
  2955 | D:4      | Reached XP level 6. HP: 45/53 MP: 5/5
  2988 | D:4      | Reached *** piety under Cheibriados
  2989 | D:4      | Reached skill level 5 in Long Blades
  3007 | D:4      | Found a sand-covered staircase.
  3033 | Ossuary  | Entered an ossuary
  3082 | Ossuary  | Slain by a mummy

Illustrated notes

Levels and vault maps discovered:
D:1:      amcnicky_arrival_gap_in_the_tavern_cellar, layout_basic
D:2:      layout_basic, ebering_ecumenical_altar_hall, serial_shops,
          nicolae_shop_window_shopping, glass_columns_a, minmay_goblin_outpost
D:3:      layout_loops_corners, uniq_natasha
D:4:      layout_basic, nicolae_ossuary_entry_giza, uniq_ijyb
Ossuary:  ossuary_minmay_tomb_2a

Skill      XL: |  1  2  3  4  5  6 |
---------------+-------------------+-----
Long Blades    | 3 4 5 |  5.1
Dodging        | 1 2 |  2.6
Fighting       | 4 |  4.8
Armour         | 4 |  4.7
Shields        | 4 |  4.8
Invocations    | 1 |  1.5

Action                   |  1- 3 |  4- 6 || total
-------------------------+-------+-------++-------
Melee: Long sword        |    27 |       ||    27
       Headbutt          |     5 |    20 ||    25
       Dagger            |    44 |   111 ||   155
  Use: Scroll            |     2 |     4 ||     6
       Potion            |       |     9 ||     9
 Stab: Invisible         |       |     3 ||     3
Armor: Scale mail        |    28 |    51 ||    79
Dodge: Dodged            |    21 |    43 ||    64
Block: Kite shield       |    32 |    73 ||   105
       Rpst.: Long sword |     3 |       ||     3

Table legend: (Time is in decaauts)
 A = Elapsed time spent in this place.
 B = Non-inter-level travel time spent in this place.
 C = Inter-level travel time spent in this place.
 D = Time resting spent in this place.
 E = Time spent auto-exploring this place.
 F = Levels seen in this place.
 G = Mean time per level.
                   A        B        C        D        E       F      G
               +--------+--------+--------+--------+--------+-----+--------+
         Total |   3747 |   3622 |    125 |    450 |   2533 |   5 |  749.4 |
       Dungeon |   3676 |   3551 |    125 |    450 |   2533 |   4 |  919.0 |
       Ossuary |     71 |     71 |      0 |      0 |      0 |   1 |   71.0 |
               +--------+--------+--------+--------+--------+-----+--------+

Top non-repeatable levels by time:
     D:3: 1263 daAuts
     D:1: 1192 daAuts
     D:2: 855 daAuts
     D:4: 365 daAuts
 Ossuary: 71 daAuts
